 Dungeon Crawl Stone Soup version 0.21-a0-51-gea492e9 (webtiles) character file.

1978 grindst0ne the Grappler (level 9, -2/83 HPs)
             Began as a Ghoul Monk on June 12, 2017.
             Was a Believer of Ru.
             Shot with a sling bullet by Joseph (8 damage)
             ... on level 8 of the Dungeon.
             The game lasted 00:12:46 (5861 turns).

grindst0ne the Grappler (Ghoul Monk)                Turns: 5861, Time: 00:12:47

Health: -2/83      AC: 12    Str: 15    XL:     9   Next: 20%
Magic:  9/9        EV:  7    Int:  5    God:    Ru [**....]
Gold:   121        SH:  0    Dex: 18    Spells: 8/8 levels left

rFire    . . .     SeeInvis .     - Unarmed
rCold    + . .     Gourm    .   (no shield)
rNeg     + + +     Faith    .   t - +0 chain mail
rPois    ∞         Spirit   .   v - +1 helmet
rElec    .         Reflect  .   I - scarf {cloud immunity}
rCorr    .         Harm     .   (no gloves)
MR       .....                  w - +0 pair of boots
Stlth    ..........             e - amulet of regeneration
Regen    0.0/turn               g - +4 ring of dexterity
MPRegen  0.2/turn               (no ring)

@: no potions, rotting
A: rotting body, claws 1, carnivore 3, cold resistance 1, negative energy
resistance 3, inhibited regeneration, torment resistance, unbreathing, inability
to drink while threatened, no stealth
a: Renounce Religion


You were on level 8 of the Dungeon.
You worshipped Ru.
Ru was pleased with you.
You were not hungry.

You visited 2 branches of the dungeon, and saw 9 of its levels.

You collected 391 gold pieces.
You spent 270 gold pieces at shops.

Inventory:

Missiles
 u - 3 javelins (quivered)
Armour
 a - a +0 robe
 h - a +0 ring mail
 j - a +0 large shield
 t - a +0 chain mail (worn)
 v - a +1 helmet (worn)
 w - a +0 pair of boots (worn)
 I - a scarf of cloud immunity (worn)
Jewellery
 c - an uncursed amulet of magic regeneration
 e - an amulet of regeneration (around neck)
 g - a +4 ring of dexterity (left claw)
 L - a +2 ring of protection
Wands
 s - a wand of iceblast (6/15)
Scrolls
 d - 4 scrolls of remove curse
 l - 4 scrolls of amnesia {unknown}
 o - 4 scrolls of teleportation {unknown}
 q - 2 scrolls of noise {unknown}
 y - a scroll of enchant weapon {unknown}
 A - a scroll of enchant armour {unknown}
 B - a scroll of fear {unknown}
 F - 4 scrolls of blinking {unknown}
 H - a scroll of recharging {unknown}
Potions
 i - 4 potions of heal wounds
 k - 2 potions of brilliance
 m - a potion of ambrosia
 n - a potion of flight
 p - 2 potions of haste
 r - a potion of resistance
 x - a potion of mutation
 z - 3 potions of curing
 D - a potion of berserk rage
 G - a potion of lignification
Books
 C - a book of Minor Magic

   Spells                             Type                      Level
   a - Magic Dart                     Conjuration                  1
   b - Blink                          Translocation                2
   c - Call Imp                       Summoning                    2
   d - Slow                           Hexes                        2
   e - Conjure Flame                  Conjuration/Fire             3
   f - Mephitic Cloud                 Conjuration/Poison/Air       3
 J - a book of Flames

   Spells                             Type                      Level
   a - Flame Tongue                   Conjuration/Fire             1
   b - Throw Flame                    Conjuration/Fire             2
   c - Conjure Flame                  Conjuration/Fire             3
   d - Inner Flame                    Hexes/Fire                   3
   e - Sticky Flame                   Conjuration/Fire             4
   f - Fireball                       Conjuration/Fire             5
Comestibles
 b - 7 meat rations
 f - 9 royal jellies
 K - a chunk of flesh


   Skills:
 - Level 9.0 Fighting
 + Level 2.3 Armour
 - Level 2.6 Dodging
 + Level 9.4 Unarmed Combat
 + Level 2.0 Evocations


You had 8 spell levels left.
You didn't know any spells.

Dungeon Overview and Level Annotations

Branches:
Dungeon (8/15)             Temple (1/1) D:5
   Lair: D:8-11

Altars:
Ashenzari
Dithmenos
Elyvilon
Fedhas
Gozag
Kikubaaqudgha
Makhleb
Nemelex Xobeh
Qazlal
Ru
Sif Muna
Trog
Uskayaw
Vehumet
Wu Jian
Xom
Yredelemnul
Zin
The Shining One

Shops:
D:6 !

Annotations:
D:8 Joseph


Innate Abilities, Weirdness & Mutations

Your body is rotting away.
You thrive on raw meat.
You are immune to poison.
You have sharp fingernails.
You are carnivorous and can eat meat at any time.
Your flesh is cold resistant. (rC+)
You are immune to negative energy. (rN+++)
You do not regenerate when monsters are visible.
You are immune to unholy pain and torment.
You can survive without breathing.
You cannot drink potions while threatened.
You cannot be stealthy.


Message History

You claw Joseph!
Joseph is moderately wounded.
You claw Joseph!
Joseph is heavily wounded.
Joseph zaps a wand.
You are blasted!
You feel threatened and lose the ability to drink potions!
* * * LOW HITPOINT WARNING * * *
You cannot drink potions in your current state!
Okay, then.
Joseph unwields an uncursed quarterstaff.
Joseph wields an uncursed hunting sling.
Joseph shoots a sling bullet.
The sling bullet hits you.
* * * LOW HITPOINT WARNING * * *
You see here a sling bullet.
Joseph shouts, "At last, some action!"
You cannot drink potions in your current state!
You cannot drink potions in your current state!
A sky beast comes into view.
Joseph shoots a sling bullet.
The sling bullet hits you!
You die...

#.###..#......# ##....
##.###..#.#....# ...#..
............##.# .# ....##
.#.###....#.##.# #.# .....
#.##..........# #.# #...
#.##..#..####.#######.# #...
#)##..#.....#.#.@..##.###
#...
#.##..##.#......##.##...
#...
.#)#......#..#.#@##.##.#####
#..#
.......##.Y....(.(.......#.#
#..#
.....#.##.##.###.##.##.###.#
#... ####.#.# ...# #.##.##.#
#.# ##@# #<##.#.. ...
#.##.##.###.# #†#
#.##.####.# ####.##.....#
#(# #.##......# #.######@#
#(# ..##.###### #.# #.####.#
#.##.# #.# #....(.#


You could see Joseph and a sky beast.

Vanquished Creatures
  Sigmund (D:3)
  A phantom (D:6)
  2 ogres
  2 centaurs (D:7)
  3 bullfrogs
  A water moccasin zombie (D:7)
  A wyvern skeleton (D:6)
  5 killer bees (D:8)
  A howler monkey (D:8)
  5 crimson imps
  An orc priest (D:4)
  A quasit (D:6)
  2 jellies
  A centaur zombie (D:5)
  A hound (D:8)
  An iguana (D:8)
  4 orc wizards
  5 worker ants
  A killer bee zombie (D:8)
  A worker ant zombie (D:7)
  Robin (D:3)
  A gnoll (D:1)
  6 adders
  An adder zombie (D:5)
  A worm (D:3)
  2 dart slugs
  4 leopard geckos
  21 orcs
  7 giant cockroaches
  16 goblins
  13 hobgoblins
  11 jackals
  4 quokkas
  A ball python (D:1)
  11 bats
  6 frilled lizards
  A jackal skeleton (D:7)
  9 kobolds
  7 rats
163 creatures vanquished.

Notes
Turn   | Place    | Note
-------+----------+-------------------------------------------
     0 | D:1      | grindst0ne the Ghoul Monk began the quest for the Orb.
     0 | D:1      | Reached XP level 1. HP: 19/19 MP: 0/0
   240 | D:1      | Reached XP level 2. HP: 11/27 MP: 1/1
   585 | D:1      | Reached XP level 3. HP: 31/33 MP: 2/2
  1397 | D:2      | Reached XP level 4. HP: 38/41 MP: 3/3
  2031 | D:3      | Noticed Sigmund
  2053 | D:3      | Killed Sigmund
  2053 | D:3      | Reached skill level 5 in Fighting
  2053 | D:3      | Reached skill level 5 in Unarmed Combat
  2053 | D:3      | Reached XP level 5. HP: 19/49 MP: 4/4
  2053 | D:3      | Reached XP level 6. HP: 22/56 MP: 5/5
  2109 | D:3      | Noticed Robin
  2152 | D:3      | Killed Robin
  3498 | D:5      | Entered Level 5 of the Dungeon
  3542 | D:5      | Reached XP level 7. HP: 60/64 MP: 6/6
  3715 | D:5      | Found a staircase to the Ecumenical Temple.
  3725 | Temple   | Entered the Ecumenical Temple
  4024 | Temple   | Became a worshipper of Ru the Awakened
  4034 | Temple   | Gained mutation: You cannot drink potions while threatened. [Ru sacrifice]
  4034 | Temple   | Reached * piety under Ru
  4261 | D:5      | Found a bloodstained altar of Trog.
  4436 | D:6      | Reached XP level 8. HP: 63/73 MP: 7/7
  4509 | D:6      | Found Dewann's Distillery.
  4517 | D:6      | Bought a potion of haste for 150 gold pieces
  4517 | D:6      | Bought a potion of heal wounds for 75 gold pieces
  4517 | D:6      | Bought a potion of curing for 45 gold pieces
  5296 | D:7      | Found a stormy altar of Qazlal.
  5583 | D:8      | Found an ancient bone altar of Kikubaaqudgha.
  5678 | D:8      | Reached skill level 1 in Armour
  5690 | D:8      | Reached XP level 9. HP: 54/83 MP: 8/8
  5694 | D:8      | Reached skill level 1 in Evocations
  5716 | D:8      | Gained mutation: You cannot be stealthy. [Ru sacrifice]
  5716 | D:8      | Reached ** piety under Ru
  5792 | D:8      | Noticed Joseph
  5824 | D:8      | HP: 4/83 [Joseph/sling bullet (2)]
  5851 | D:8      | HP: 1/83 [Joseph/sling bullet (6)]
  5861 | D:8      | Shot with a sling bullet by Joseph

Vault maps used:
D:1:      co_arrival_random_square_maze, minmay_close_crescents
D:3:      first_bread, uniq_robin, uniq_sigmund
D:5:      minmay_temple_entry_junction, trog_three_pillars_becter
D:6:      serial_shops, shop
D:7:      grunt_qazlal_clouds
D:8:      kennysheep_mini_moat, nicolae_overflow_crystal_walls, serial_shops,
          shop, uniq_joseph
Temple:   minmay_temple_bridge_d

Skill      XL: |  1  2  3  4  5  6  7  8  9 |
---------------+----------------------------+-----
Unarmed Combat | 4 5 6 7 9 |  9.4
Fighting       | 4 5 6 7 9 |  9.0
Armour         | 1 2 |  2.3
Evocations     | 2 |  2.0
Stealth        | 0 |  0.0
Dodging        | |  2.6

Action                   |  1- 3 |  4- 6 |  7- 9 || total
-------------------------+-------+-------+-------++-------
Melee: Unarmed           |   100 |   233 |   232 ||   565
       Punch             |     3 |     8 |     4 ||    15
Invok: Sacrifice Drink   |       |       |     1 ||     1
       Sacrifice Stealth |       |       |     1 ||     1
  Use: Potion            |       |     4 |     2 ||     6
       Scroll            |       |       |     9 ||     9
 Stab: Sleeping          |     3 |       |       ||     3
       Invisible         |       |     2 |       ||     2
       Distracted        |       |       |     1 ||     1
  Eat: Chunk             |     6 |     4 |    11 ||    21
Armor: Robe              |     7 |       |       ||     7
       Ring mail         |    20 |    14 |       ||    34
       Chain mail        |       |    88 |   122 ||   210
Dodge: Dodged            |    46 |    99 |    97 ||   242
